 Dungeon Crawl Stone Soup version 0.23.0-3-gf3c87f2 (webtiles) character file.

Game seed: 285161929131141160

20993 SeriousVitamin the Arsonist (level 12, -14/59 HPs)
             Began as a Deep Elf Fire Elementalist on Feb 24, 2019.
             Was an Elder of Vehumet.
             Demolished by a black mamba (43 damage)
             ... on level 6 of the Lair of Beasts.
             The game lasted 00:40:56 (12278 turns).

SeriousVitamin the Arsonist (DEFE)                 Turns: 12278, Time: 00:41:13

Health: -14/59     AC:  9    Str:  6    XL:     12   Next: 50%
Magic:  32/39      EV: 12    Int: 34    God:    Vehumet [****..]
Gold:   599        SH:  0    Dex: 15    Spells: 10/35 levels left

rFire    . . .     SeeInvis .   A - staff of conjuration
rCold    . . .     Gourm    +   L - +0 buckler
rNeg     . . .     Faith    .   z - +1 robe {Archmagi}
rPois    .         Spirit   .   w - +1 helmet {Int+3}
rElec    +         Reflect  .   D - +0 cloak "Kyrun" {rElec}
rCorr    .         Harm     .   O - +0 pair of gloves
MR       +....                  m - +1 pair of boots
Stlth    ++........             h - amulet of the gourmand
HPRegen  0.19/turn              n - ring of magical power
MPRegen  0.26/turn              s - +6 ring of intelligence

@: lethally poisoned (-14 -> -42), sleeping
A: no striking features
a: Renounce Religion


You were on level 6 of the Lair of Beasts.
You worshipped Vehumet.
Vehumet was greatly pleased with you.
You were very hungry.

You visited 3 branches of the dungeon, and saw 15 of its levels.

You collected 917 gold pieces.
You spent 318 gold pieces at shops.

Inventory:

Armour
 m - a +1 pair of boots (worn)
 w - a +1 helmet of intelligence (worn)
 z - a +1 robe of the Archmagi (worn)
 D - the +0 cloak "Kyrun" (worn) {rElec}
   (You found it on level 6 of the Dungeon)

   It insulates you from electricity.
 L - a +0 buckler (worn)
 O - a +0 pair of gloves (worn)
Magical Staves
 A - an uncursed staff of conjuration (weapon)
 F - an uncursed staff of earth
Jewellery
 h - an amulet of the gourmand (around neck)
 n - a ring of magical power (left hand)
 s - a +6 ring of intelligence (right hand)
 Q - an uncursed ring of flight {unknown}
Wands
 a - a wand of random effects (40)
 x - a wand of acid (7)
 B - a wand of iceblast (17)
 K - a wand of flame (10)
 P - a wand of enslavement (11)
 R - a wand of polymorph (8)
 S - a wand of scattershot (6)
 T - a wand of clouds (6)
Scrolls
 f - 8 scrolls of remove curse
 g - a scroll of immolation
 k - 2 scrolls of noise {unknown}
 l - 5 scrolls of teleportation {unknown}
 t - a scroll of fog
 v - a scroll of fear
 y - a scroll of blinking
 H - a scroll of vulnerability {unknown}
 I - 5 scrolls of amnesia {unknown}
 N - a scroll of acquirement {unknown}
Potions
 b - 5 potions of agility
 d - 2 potions of flight {unknown}
 e - 5 potions of heal wounds
 j - a potion of invisibility
 o - 3 potions of brilliance
 p - 2 potions of degeneration
 q - 2 potions of lignification
 r - 2 potions of magic
 u - 2 potions of curing {unknown}
 C - a potion of ambrosia {unknown}
 E - a potion of haste
 G - a potion of mutation {unknown}
 J - a potion of cancellation
Miscellaneous
 M - a fan of gales
Comestibles
 c - 20 rations


   Skills:
 - Level 2.4 Dodging
 - Level 2.4 Stealth
 - Level 12.1 Spellcasting
 - Level 12.1 Conjurations
 + Level 3.4 Transmutations
 - Level 12.6 Fire Magic
 - Level 9.0 Air Magic
 + Level 3.4 Earth Magic


You had 10 spell levels left.
You knew the following spells:

 Your Spells              Type           Power        Failure   Level  Hunger
a - Flame Tongue          Conj/Fire      #####        0%          1    None
b - Mephitic Cloud        Conj/Pois/Air  ########     1%          3    None
c - Conjure Flame         Conj/Fire      ########     1%          3    None
d - Stone Arrow           Conj/Erth      ######       1%          3    None
e - Sticky Flame          Conj/Fire      ########     1%          4    None
f - Fireball              Conj/Fire      ########..   1%          5    None
h - Statue Form           Tmut/Erth      ######...    80%         6    ####...

Your spell library contained the following spells:

 Spells                   Type           Power        Failure   Level  Hunger
 Throw Icicle             Conj/Ice       #######.     1%          4    None
 Magic Dart               Conj           ####         1%          1    None
 Searing Ray              Conj           ######       1%          2    None
 Throw Flame              Conj/Fire      ######       1%          2    None
 Dazzling Spray           Conj/Hex       ######       1%          3    None
 Inner Flame              Hex/Fire       #######.     1%          3    None
 Force Lance              Conj/Tloc      #######.     1%          4    None
 Fulminant Prism          Conj/Hex       #######...   1%          4    None
 Iskenderun's Mystic Bla  Conj           ########     1%          4    None
 Bolt of Magma            Conj/Fire/Erth ########..   1%          5    None
 Blink                    Tloc           N/A          5%          2    None
 Call Imp                 Summ           ####....     5%          2    None
 Slow                     Hex            ####....     5%          2    None
 Iron Shot                Conj/Erth      ########..   6%          6    ####...
 Leda's Liquefaction      Hex/Erth       #####.....   17%         4    None
 Shatter                  Erth           ######....   100%        9    #######


Dungeon Overview and Level Annotations

Branches:
Dungeon (8/15)             Temple (1/1) D:6            Lair (6/6) D:8
 Shoals (0/4) Lair:2        Snake (0/4) Lair:2        Slime (0/5) Lair:5

Altars:
Ashenzari
Dithmenos
Gozag
Hepliaklqana
Kikubaaqudgha
Makhleb
Nemelex Xobeh
Okawaru
Qazlal
Ru
Trog
Vehumet
Xom
Yredelemnul
Zin
The Shining One

Shops:
D:5 ?

Annotations:
D:5 1 runed translucent door, Crazy Yiuf
D:8 3 runed translucent doors, theswoord's ghost, novice NaAE


Message History

Aiming: Sticky Flame (safe; 1% risk of failure)
Press: ? - help, Shift-Dir - straight line, f - dream sheep, p - black mamba
Aim: a dream sheep You feel a strong surge of power!
The sticky flame hits the dream sheep!
The dream sheep is heavily wounded.
The dream sheep is covered in liquid flames!
You feel sick.
The dream sheep burns!
The black mamba burns!
The black mamba bites you. The dream sheep bites you.
The black mamba bites you!
You are more poisoned.
The black mamba poisons you!
The dream sheep shake their wool and sparkle.
You feel drowsy...
You fall asleep.
You feel very sick.
The dream sheep burns!
The black mamba burns!
The black mamba barely misses you. The dream sheep barely misses you.
Something bites the bush but does no damage.
The black mamba bites you!!!
Ouch! That really hurt!
You die...

.. P.. ### ...# #..#
....# #####.... ....)#
#####........
....[.#######P...........
#.....Y.............P#..
#....YS@...†..........[.
#..Y.####.P...P..<.<....
#.P. ###.#P.##.####.^
.... #.######## # ... ##
.. .


You could see a black mamba (burning) and 3 dream sheep.

Vanquished Creatures
  2 hydras
  A two-headed ogre (D:8)
  A catoblepas (Lair:4)
  An oklob plant (Lair:4)
  4 elephants (Lair:1)
  2 black mambas
  2 merfolk sirens (Lair:2)
  Joseph (Lair:1)
  3 rime drakes
  5 spiny frogs
  4 komodo dragons
  2 merfolk (Lair:2)
  A polar bear (Lair:4)
  6 dream sheep (Lair:5)
  5 hippogriffs
  Sigmund (D:4)
  6 yaks
  A wyvern (D:7)
  2 basilisks (Lair:3)
  Eustachio (D:6)
  Edmund (D:4)
  10 water moccasins
  Duvessa (D:5)
  2 nagas (Lair:2)
  7 porcupines
  A black bear (D:6)
  An orc warrior (D:7)
  A sky beast (D:7)
  2 ice beasts
  A necrophage (D:8)
  5 ogres
  6 wolves
  2 centaurs
  10 crocodiles
  13 bullfrogs
  Dowan (D:5)
  10 killer bees (D:8)
  An electric eel (Lair:2)
  A bullfrog zombie (D:8)
  A quasit (D:8)
  3 hounds
  14 jellies
  5 orc priests
  A bullfrog skeleton (D:5)
  A centaur skeleton (D:6)
  6 orc wizards
  Jessica (D:3)
  7 iguanas
  3 hell rats (Lair:1)
  5 worker ants
  2 hound zombies
  Robin (D:3)
  A hound skeleton (D:3)
  A worker ant zombie (D:5)
  A gnoll (D:6)
  9 adders
  A howler monkey skeleton (D:3)
  6 river rats (Lair:1)
  18 oozes
  2 adder zombies
  3 adder skeletons
  2 worms
  6 dart slugs
  3 leopard geckos
  20 orcs
  4 giant cockroaches
  15 goblins
  10 hobgoblins
  15 jackals
  6 quokkas
  A ball python (D:3)
  A ball python skeleton (D:5)
  A ball python zombie (D:5)
  6 bats
  2 frilled lizards
  A giant cockroach zombie (D:5)
  A jackal skeleton (D:5)
  10 kobolds
  A leopard gecko skeleton (D:4)
  13 rats
  A bush (Lair:5)
  2 fungi (Lair:5)
  2 plants
342 creatures vanquished.

Vanquished Creatures (others)
  5 fungi
  5 plants (D:8)
10 creatures vanquished.

Grand Total: 352 creatures vanquished

Notes
Turn   | Place    | Note
-------+----------+-------------------------------------------
     0 | D:1      | SeriousVitamin the Deep Elf Fire Elementalist began the
                  | quest for the Orb.
     0 | D:1      | Reached XP level 1. HP: 10/10 MP: 6/6
   290 | D:1      | Reached XP level 2. HP: 10/15 MP: 5/8
   872 | D:2      | Reached XP level 3. HP: 19/19 MP: 5/9
  1465 | D:2      | Reached XP level 4. HP: 24/24 MP: 6/11
  1835 | D:3      | Noticed Robin
  1876 | D:3      | Found a glowing golden altar of the Shining One.
  1986 | D:3      | Reached XP level 5. HP: 25/28 MP: 6/13
  2148 | D:3      | Reached skill level 5 in Fire Magic
  2154 | D:3      | Killed Robin
  2355 | D:3      | Found a glowing silver altar of Zin.
  2390 | D:3      | Noticed Jessica
  2426 | D:3      | Killed Jessica
  2426 | D:3      | Reached XP level 6. HP: 11/32 MP: 0/14
  2794 | D:4      | Noticed Edmund
  2806 | D:4      | Killed Edmund
  2806 | D:4      | Reached skill level 5 in Spellcasting
  2892 | D:4      | Learned a level 3 spell: Conjure Flame
  2897 | D:4      | Learned a level 4 spell: Sticky Flame
  3137 | D:4      | Reached skill level 5 in Conjurations
  3273 | D:4      | Reached XP level 7. HP: 25/36 MP: 9/16
  3319 | D:4      | Noticed Sigmund
  3561 | D:4      | Killed Sigmund
  3776 | D:5      | Entered Level 5 of the Dungeon
  3994 | D:5      | Found an iron altar of Okawaru.
  4054 | D:5      | Reached XP level 8. HP: 19/41 MP: 12/19
  4142 | D:5      | Found Pomod's Magic Scroll Shoppe.
  4153 | D:5      | Bought a scroll of remove curse for 36 gold pieces
  4153 | D:5      | Bought a scroll of identify for 24 gold pieces
  4153 | D:5      | Bought a scroll of fear for 42 gold pieces
  4153 | D:5      | Bought a scroll of blinking for 90 gold pieces
  4153 | D:5      | Bought a scroll of enchant armour for 90 gold pieces
  4153 | D:5      | Bought a scroll of random uselessness for 12 gold pieces
  4153 | D:5      | Bought a scroll of identify for 24 gold pieces
  4285 | D:6      | Noticed Duvessa
  4285 | D:6      | Noticed Dowan
  4360 | D:5      | Found a hazy altar of Hepliaklqana.
  4402 | D:5      | Found a runed translucent door.
  4403 | D:5      | Noticed Crazy Yiuf
  4681 | D:5      | Killed Duvessa
  5160 | D:5      | Killed Dowan
  5167 | D:5      | Learned a level 5 spell: Fireball
  5236 | D:6      | Got a distressingly furry cloak
  5242 | D:6      | Identified the +0 cloak "Kyrun" {rElec} (You found it on
                  | level 6 of the Dungeon)
  5267 | D:6      | Found a staircase to the Ecumenical Temple.
  5304 | D:6      | Got a pitted fustibalus
  5333 | Temple   | Entered the Ecumenical Temple
  5384 | Temple   | Became a worshipper of Vehumet
  5434 | D:6      | Noticed Eustachio
  5438 | D:6      | Killed Eustachio
  5559 | D:6      | Reached XP level 9. HP: 37/45 MP: 20/22
  5733 | D:6      | Identified the +7 fustibalus of the Rat {freeze, rPois
                  | Str+3 Int+2} (You found it on level 6 of the Dungeon)
  5820 | D:6      | Learned a level 3 spell: Mephitic Cloud
  6017 | D:7      | Reached skill level 1 in Air Magic
  6050 | D:7      | Reached * piety under Vehumet
  6050 | D:7      | Offered knowledge of Freeze by Vehumet.
  6732 | D:8      | Found a staircase to the Lair.
  7140 | D:8      | Offered knowledge of Throw Frost by Vehumet.
  7189 | D:8      | Reached ** piety under Vehumet
  7192 | D:8      | Reached XP level 10. HP: 42/50 MP: 22/25
  7368 | D:8      | Noticed a two-headed ogre
  7372 | D:8      | Killed a two-headed ogre
  7372 | D:8      | Reached skill level 10 in Fire Magic
  7372 | D:8      | Reached skill level 5 in Air Magic
  7644 | D:8      | Found a runed translucent gate.
  7644 | D:8      | Found a runed translucent gate.
  7645 | D:8      | Found a runed translucent gate.
  7645 | D:8      | Noticed theswoord's ghost (novice NaAE)
  7645 | D:8      | Noticed a ten-headed hydra
  7695 | Lair:1   | Entered Level 1 of the Lair of Beasts
  7857 | Lair:1   | Noticed Joseph
  7860 | Lair:1   | Killed Joseph
  8173 | Lair:1   | Noticed a spiny frog
  8177 | Lair:1   | Killed a spiny frog
  8244 | Lair:1   | Reached skill level 10 in Spellcasting
  8391 | Lair:1   | Offered knowledge of Stone Arrow by Vehumet.
  8396 | Lair:1   | Learned a level 3 spell: Stone Arrow
  8496 | Lair:1   | Noticed an elephant
  8500 | Lair:1   | Noticed an elephant
  8500 | Lair:1   | Noticed an elephant
  8501 | Lair:1   | Noticed an elephant
  8505 | Lair:1   | Killed an elephant
  8505 | Lair:1   | Reached skill level 10 in Conjurations
  8505 | Lair:1   | Killed an elephant
  8506 | Lair:1   | Killed an elephant
  8508 | Lair:1   | Killed an elephant
  8508 | Lair:1   | Reached XP level 11. HP: 54/54 MP: 13/27
  9043 | Lair:2   | Reached *** piety under Vehumet
  9086 | Lair:2   | Found a staircase to the Snake Pit.
  9157 | Lair:2   | Noticed a six-headed hydra
  9160 | Lair:2   | Killed a six-headed hydra
  9516 | Lair:2   | Found a staircase to the Shoals.
  9563 | Lair:2   | Offered knowledge of Ignite Poison by Vehumet.
 10414 | Lair:3   | You fall through a shaft for 2 floors!
 10624 | Lair:5   | Noticed a seven-headed hydra
 10630 | Lair:5   | Killed a seven-headed hydra
 10692 | Lair:5   | Reached XP level 12. HP: 58/59 MP: 29/29
 10978 | Lair:5   | Reached **** piety under Vehumet
 10980 | Lair:5   | Offered knowledge of Throw Icicle by Vehumet.
 11033 | Lair:5   | Found a staircase to the Slime Pits.
 11645 | Lair:4   | Learned a level 6 spell: Statue Form
 11687 | Lair:4   | Noticed a catoblepas
 11691 | Lair:4   | Killed a catoblepas
 11691 | Lair:4   | Reached skill level 1 in Transmutations
 11691 | Lair:4   | Reached skill level 1 in Earth Magic
 12250 | Lair:6   | Entered Level 6 of the Lair of Beasts
 12278 | Lair:6   | Demolished by a black mamba

Skill      XL: |  1  2  3  4  5  6  7  8  9 10 11 12 |
---------------+-------------------------------------+-----
Conjurations   | 2 3 4 5 6 8 9 10 11 12 | 12.1
Fire Magic     | 4 5 6 7 8 9 10 12 | 12.6
Spellcasting   | 4 5 6 7 9 10 11 12 | 12.1
Air Magic      | 4 7 9 |  9.0
Transmutations | 3 |  3.4
Earth Magic    | 3 |  3.4
Dodging        | |  2.4
Stealth        | |  2.4

Action                   |  1- 3 |  4- 6 |  7- 9 | 10-12 || total
-------------------------+-------+-------+-------+-------++-------
Melee: Unarmed           |     1 |    20 |     1 |       ||    22
       Short sword       |       |       |    29 |       ||    29
       Staff             |       |       |    22 |     5 ||    27
 Cast: Flame Tongue      |    63 |   122 |   156 |   234 ||   575
       Sticky Flame      |       |     2 |    24 |    52 ||    78
       Conjure Flame     |       |       |     8 |     9 ||    17
       Fireball          |       |       |    14 |    55 ||    69
       Mephitic Cloud    |       |       |       |     1 ||     1
  Use: Potion            |       |     2 |     1 |       ||     3
       Scroll            |       |       |    13 |     5 ||    18
  Eat: Chunk             |     1 |     5 |     9 |    16 ||    31
       Ration            |       |       |     2 |       ||     2
Armor: Robe              |     8 |    11 |    28 |    26 ||    73
Dodge: Dodged            |    30 |    61 |    60 |    52 ||   203
Block: Buckler           |       |       |       |    12 ||    12
